 Dungeon Crawl Stone Soup version 0.19.0-19-g8c6edcc (webtiles) character file.

72968 Monsterracer the Fencer (level 15, -1/126 HPs)
             Began as a Formicid Fighter on Nov 12, 2016.
             Was a High Priest of Okawaru.
             Killed by divine providence
             ... invoked by an orc priest
              (13 damage)
             ... on level 2 of the Orcish Mines.
             The game lasted 01:06:24 (20444 turns).

Monsterracer the Fencer (Formicid Fighter)         Turns: 20444, Time: 01:06:24

Health: -1/126     AC: 32    Str: 22    XL:     15   Next: 88%
Magic:  0/24       EV: 10    Int:  8    God:    Okawaru [*****.]
Gold:   1635       SH: 13    Dex: 15    Spells: 0 memorised, 14 levels left

rFire  . . .     SeeInvis +     u - +3 double sword (slice)
rCold  . . .     Gourm    .     q - +0 plate armour
rNeg   . . .     Faith    .     w - +0 shield {AC+3}
rPois  .         Spirit   +     (helmet unavailable)
rElec  .         Reflect  .     s - +1 cloak
rCorr  +         Harm     .     v - +1 pair of gloves
MR     +....                    D - +2 pair of boots {run}
Stlth  ..........               x - amulet of guardian spirit
                                d - ring of resist corrosion
                                g - +3 ring of protection

@: heroism, finesse, drained, quick
A: permanent stasis, dig shafts and tunnels, four strong arms, antennae 3, fangs
1
a: Dig, Shaft Self, Heroism, Finesse, Renounce Religion


You were on level 2 of the Orcish Mines.
You worshipped Okawaru.
Okawaru was extremely pleased with you.
You were hungry.

You visited 4 branches of the dungeon, and saw 20 of its levels.

You collected 1690 gold pieces.
You spent 55 gold pieces at shops.

Inventory:

Hand Weapons
 o - a +1 scimitar of holy wrath
 u - a +3 double sword of slicing (weapon)
 H - a +0 antimagic double sword
Armour
 q - a +0 plate armour (worn)
 s - a +1 cloak (worn)
 v - a +1 pair of gloves (worn)
 w - a +0 shield of protection (worn)
 B - the +1 pair of boots "Buhinay" {MR++}
   (Okawaru gifted it to you on level 11 of the Dungeon)

   It affects your resistance to hostile enchantments.
 D - a +2 pair of boots of running (worn)
Jewellery
 d - a ring of resist corrosion (right hand)
 g - a +3 ring of protection (left hand)
 i - an uncursed ring of flight
 j - an uncursed ring of protection from fire
 p - an uncursed ring of ice
 x - an amulet of guardian spirit (around neck)
 F - an uncursed ring of fire
Wands
 y - a wand of polymorph (14/24)
 I - a wand of confusion (18/48)
Scrolls
 a - 2 scrolls of magic mapping
 b - 5 scrolls of identify
 e - 7 scrolls of remove curse
 h - 5 scrolls of enchant armour
 m - 5 scrolls of amnesia
 n - 6 scrolls of recharging
 t - a scroll of enchant weapon
 J - a scroll of fear
Potions
 A - a potion of flight
 C - a potion of ambrosia
 E - a potion of magic
Books
 G - a book of Geomancy

   Spells                             Type                      Level
   a - Sandblast                      Earth                        1
   b - Passwall                       Transmutation/Earth          2
   c - Stone Arrow                    Conjuration/Earth            3
   d - Petrify                        Transmutation/Earth          4
   e - Lee's Rapid Deconstruction     Earth                        5
Comestibles
 c - 8 chunks of flesh
 f - 9 bread rations
 k - 11 slices of pizza
 l - 8 meat rations
 r - 3 beef jerkies
 z - 20 fruits


   Skills:
 + Level 14.2(18.3) Fighting
 * Level 15.6(19.7) Long Blades
 + Level 12.6(16.7) Armour
 - Level 9.0(13.1) Shields
 + Level 13.2(12.4) Invocations


You had 14 spell levels left.
You didn't know any spells.

Dungeon Overview and Level Annotations

Branches:
Dungeon (11/15)            Temple (1/1) D:5            Lair (6/6) D:11
  Swamp (0/4) Lair:3       Spider (0/4) Lair:2        Slime (0/5) Lair:6
    Orc (2/2) D:10            Elf (0/3) Orc:2

Altars:
Ashenzari
Cheibriados
Dithmenos
Elyvilon
Fedhas
Gozag
Hepliaklqana
Kikubaaqudgha
Makhleb
Nemelex Xobeh
Okawaru
Qazlal
Ru
Sif Muna
Trog
Uskayaw
Vehumet
Xom
Yredelemnul
Zin
The Shining One
Beogh

Shops:
D:10 *   Orc:2 *

Portals:
Hell: Lair:6


Innate Abilities, Weirdness & Mutations

You are under a permanent stasis effect.
You can dig through walls and to a lower floor.
Your four strong arms can wield two-handed weapons with a shield.
You have a pair of large antennae on your head. (SInv)
You have very sharp teeth.


Message History

The orc hits you with a dagger.
* * * LOW HITPOINT WARNING * * *
You block the orc's attack.
The orc warlord hits you with a great mace!
* * * LOW HITPOINT WARNING * * *
The orc wizard casts a spell.
The orc wizard blinks!
You block the orc wizard's attack. The orc warrior completely misses you.
The orc priest looks braver for a moment.
The orc priest hits you but does no damage.
The orc no longer looks unusually strong.
The orc warrior no longer looks unusually strong.
The orc hits you but does no damage.
There is an open gate here.
The orc warrior hits you from afar with a glaive!
* * * LOW HITPOINT WARNING * * *
The orc hits you but does no damage.
The orc priest calls down the wrath of Beogh upon you.
Beogh smites you!
You die...

.o..#.#............#.####........
....ยง...............## #.##'##.)
....#.#)###..#.......## # #.. #.)
...####.#.#...........# #. #..
..######)##...........## #. #..
........##...#.........# # ###..
.#####...#..##........# ....#
##......##......# ####.
#........8@8..## ##.## {
#.......)).o...# .#....
#.##...##o''##...# ....#.
#.#..###oooo.# #.. ...o.. ..#.##


#8ooo8# . ...... ...#. ##ooo## ...... ### #. {#oo.# ...... #. o.o.'. #.....
#...#.. ...... You could see an orc warlord, an orc high priest, 6 orc warriors,
an orc priest, an orc wizard and 6 orcs.

Vanquished Creatures
  2 orc warlords
  2 dire elephants (Lair:6)
  Snorg (Lair:3)
  5 hydras
  The ghost of dysrexia the Transmogrifier, a journeyman OpTm of Cheibriados (Lair:2)
  9 death yaks (Lair:6)
  An alligator (Lair:6)
  Urug (Lair:2)
  An orc high priest (Orc:2)
  A sun demon (Lair:6)
  A sixfirhy (Lair:6)
  8 hill giants
  A wizard (Lair:6)
  A lindwurm (Lair:6)
  3 orc sorcerers
  A cyclops (D:10)
  16 elephants
  A manticore (D:11)
  The ghost of Frank the Basher, a novice GrGl of the Shining One (D:7)
  A torpor snail (Lair:6)
  7 black mambas
  Joseph (D:10)
  3 orange demons (Lair:6)
  A centaur skeleton (D:11)
  A gargoyle (D:10)
  4 spiny frogs
  5 rime drakes
  9 komodo dragons
  A kobold demonologist (D:11)
  A tengu conjurer (D:11)
  A hellwing (Lair:6)
  2 ice devils (Lair:6)
  2 red devils (Lair:6)
  2 two-headed ogres
  Grinder (D:4)
  7 trolls
  A hornet (D:11)
  7 polar bears
  18 blink frogs
  6 dream sheep (Lair:6)
  13 hippogriffs
  2 redbacks (Lair:2)
  Sigmund (D:6)
  23 yaks
  A human (D:7)
  2 vampires (D:11)
  A wyvern (D:10)
  4 hogs (D:7)
  4 basilisks
  4 vampire mosquitoes (Lair:3)
  2 wargs
  2 hell hounds (Lair:6)
  5 porcupines
  18 water moccasins
  30 orc warriors
  11 black bears
  A hornet zombie (D:10)
  5 phantoms
  An eye of draining (D:11)
  5 ice beasts
  2 sky beasts
  8 ogres
  9 centaurs
  6 wolves
  4 boggarts (Lair:6)
  16 crocodiles
  15 bullfrogs
  A gnoll sergeant (D:11)
  A water moccasin zombie (D:5)
  5 scorpions
  8 killer bees (D:9)
  A howler monkey (D:6)
  13 wights
  8 crimson imps
  2 quasits
  4 bullfrog zombies
  9 hounds
  2 jellies
  10 orc priests
  A gnoll shaman (D:6)
  8 iguanas
  Terence (D:3)
  30 orc wizards
  7 worker ants
  A hound zombie (D:8)
  A worker ant zombie (D:10)
  2 howler monkey skeletons
  Robin (D:4)
  7 gnolls
  14 adders
  6 shadow imps
  An ooze (D:4)
  2 adder skeletons
  An adder zombie (D:3)
  A worm (D:2)
  2 dart slugs (D:1)
  10 leopard geckos
  96 orcs
  A ball python (D:1)
  7 bats
  A giant cockroach (D:3)
  20 goblins
  7 hobgoblins
  14 jackals
  7 quokkas
  8 frilled lizards
  A jackal zombie (D:5)
  8 kobolds
  12 rats
675 creatures vanquished.

Vanquished Creatures (others)
  An orc (Orc:2)
  4 fungi
  2 plants
7 creatures vanquished.

Grand Total: 682 creatures vanquished

Notes
Turn   | Place    | Note
-------+----------+-------------------------------------------
     0 | D:1      | Monsterracer the Formicid Fighter began the quest for the Orb.
     0 | D:1      | Reached XP level 1. HP: 18/18 MP: 1/1
   118 | D:1      | Reached XP level 2. HP: 20/24 MP: 2/2
   300 | D:1      | Reached skill level 3 in Long Blades
   391 | D:1      | Reached XP level 3. HP: 29/29 MP: 3/3
  1150 | D:2      | Reached skill level 4 in Long Blades
  1150 | D:2      | Reached XP level 4. HP: 29/35 MP: 4/4
  1554 | D:3      | Noticed Terence
  1562 | D:3      | Killed Terence
  1562 | D:3      | Reached XP level 5. HP: 31/41 MP: 5/5
  1744 | D:3      | Reached skill level 5 in Long Blades
  2066 | D:3      | Reached skill level 6 in Long Blades
  2066 | D:3      | Reached XP level 6. HP: 41/47 MP: 6/6
  2269 | D:3      | Noticed a moth of wrath
  2271 | D:3      | Found a bloodstained altar of Trog.
  2423 | D:4      | Noticed Grinder
  2541 | D:4      | Killed Grinder
  2541 | D:4      | Reached XP level 7. HP: 39/53 MP: 7/7
  2893 | D:4      | Noticed Robin
  2935 | D:4      | Killed Robin
  3336 | D:5      | Entered Level 5 of the Dungeon
  3405 | D:5      | Reached skill level 7 in Long Blades
  3431 | D:5      | Reached XP level 8. HP: 54/61 MP: 8/8
  3480 | D:5      | Reached skill level 5 in Shields
  3668 | D:5      | Reached skill level 8 in Long Blades
  3708 | D:5      | Reached skill level 5 in Fighting
  3775 | D:5      | Reached skill level 5 in Armour
  3776 | D:5      | Found a staircase to the Ecumenical Temple.
  3789 | D:5      | Gained mutation: You possess an exceptional clarity of mind. [potion of beneficial mutation]
  3794 | Temple   | Entered the Ecumenical Temple
  3949 | Temple   | Became a worshipper of Warmaster Okawaru
  4232 | D:6      | Reached XP level 9. HP: 52/68 MP: 9/9
  4352 | D:6      | Reached skill level 1 in Invocations
  4489 | D:6      | Reached * piety under Okawaru
  4662 | D:6      | Upgraded the game from 0.19.0-18-g426998a to 0.19.0-19-g8c6edcc
  4797 | D:6      | Noticed Sigmund
  4808 | D:6      | Reached skill level 9 in Long Blades
  4825 | D:6      | Killed Sigmund
  4928 | D:6      | Reached ** piety under Okawaru
  5204 | D:7      | Noticed Frank's ghost (novice GrGl)
  5207 | D:7      | Reached XP level 10. HP: 62/77 MP: 9/12
  5222 | D:7      | Killed Frank's ghost
  5574 | D:7      | Noticed a hill giant
  5584 | D:7      | Killed a hill giant
  5584 | D:7      | Reached skill level 10 in Long Blades
  5858 | D:7      | Reached *** piety under Okawaru
  5882 | D:7      | Reached skill level 5 in Invocations
  6161 | D:7      | Found a sparkling altar of Nemelex Xobeh.
  7112 | D:9      | Reached XP level 11. HP: 84/84 MP: 12/15
  7184 | D:9      | Reached **** piety under Okawaru
  7213 | D:9      | Reached skill level 11 in Long Blades
  7222 | D:9      | Gained mutation: You are dopey. (Int -2) [potion of mutation]
  7222 | D:9      | Gained mutation: Your spells are a little harder to cast, but a little more powerful. [potion of mutation]
  7222 | D:9      | Gained mutation: You have very sharp teeth. [potion of mutation]
  7813 | D:9      | Found an ancient bone altar of Kikubaaqudgha.
  7927 | D:9      | Found Emulohio's Gadget Emporium.
  8144 | D:10     | Entered Level 10 of the Dungeon
  8280 | D:10     | Noticed a hill giant
  8281 | D:10     | Found a staircase to the Orcish Mines.
  8297 | D:10     | Killed a hill giant
  8604 | D:10     | Found a deep blue altar of Sif Muna.
  8716 | D:10     | Noticed Joseph
  8725 | D:10     | Killed Joseph
  8725 | D:10     | Reached ***** piety under Okawaru
  8732 | D:10     | Noticed a cyclops
  8743 | D:10     | Killed a cyclops
  8924 | D:10     | Noticed a hill giant
  8932 | D:10     | Killed a hill giant
  8932 | D:10     | Received a gift from Okawaru
  9219 | D:10     | Noticed a hill giant
  9228 | D:10     | Killed a hill giant
  9228 | D:10     | Reached skill level 12 in Long Blades
  9228 | D:10     | Reached XP level 12. HP: 55/94 MP: 14/17
  9282 | D:10     | Found Ypuocoq's Assorted Antiques.
  9290 | D:10     | Bought a fizzy puce potion for 26 gold pieces
  9290 | D:10     | Bought a scroll labeled TUTZAHUEPN for 29 gold pieces
  9679 | D:11     | Noticed a sixfirhy
  9827 | D:11     | Found a staircase to the Lair.
  9829 | D:11     | Received a gift from Okawaru
  9876 | D:11     | Got a pair of transparent boots {god gift}
  9887 | D:11     | Identified the +1 pair of boots "Buhinay" {MR++} (Okawaru gifted it to you on level 11 of the Dungeon)
 10630 | Lair:1   | Entered Level 1 of the Lair of Beasts
 10634 | Lair:1   | Reached skill level 13 in Long Blades
 10986 | Lair:1   | Reached XP level 13. HP: 103/103 MP: 19/19
 11046 | Lair:1   | Reached skill level 10 in Fighting
 11294 | Lair:2   | Noticed dysrexia's ghost (journeyman OpTm)
 11308 | Lair:2   | Killed dysrexia's ghost
 11309 | Lair:2   | Found a hole to the Spider Nest.
 11762 | Lair:2   | Noticed Urug
 11777 | Lair:2   | Killed Urug
 11777 | Lair:2   | Reached skill level 10 in Armour
 12266 | Lair:3   | Noticed Snorg
 12268 | Lair:3   | Received a gift from Okawaru
 12268 | Lair:3   | Reached skill level 10 in Invocations
 12291 | Lair:3   | Killed Snorg
 12299 | Lair:3   | Reached skill level 14 in Long Blades
 12381 | Lair:3   | Noticed a four-headed hydra
 12401 | Lair:3   | Killed a nine-headed hydra
 12816 | Lair:3   | Noticed a four-headed hydra
 12827 | Lair:3   | Killed a ten-headed hydra
 13068 | Lair:3   | Received a gift from Okawaru
 13099 | Lair:3   | Reached XP level 14. HP: 56/113 MP: 22/22
 13319 | Lair:3   | Found a staircase to the Swamp.
 14004 | Lair:4   | Received a gift from Okawaru
 15296 | Lair:5   | Lost mutation: Your spells are a little harder to cast, but a little more powerful. [potion of cure mutation]
 15296 | Lair:5   | Lost mutation: You are dopey. (Int -2) [potion of cure mutation]
 15296 | Lair:5   | Lost mutation: You possess an exceptional clarity of mind. [potion of cure mutation]
 15928 | Lair:6   | Entered Level 6 of the Lair of Beasts
 15990 | Lair:6   | Received a gift from Okawaru
 16133 | Lair:6   | Noticed a dire elephant
 16142 | Lair:6   | Noticed a dire elephant
 16152 | Lair:6   | Killed a dire elephant
 16164 | Lair:6   | Killed a dire elephant
 16437 | Lair:6   | Found a burning altar of Makhleb.
 16491 | Lair:6   | Reached XP level 15. HP: 42/124 MP: 20/24
 16862 | Lair:6   | Found a gateway to Hell.
 17032 | Lair:6   | Received a gift from Okawaru
 17315 | Lair:6   | Identified a +1 pair of boots of running (Okawaru gifted it to you on level 6 of the Lair of Beasts)
 17458 | Lair:6   | Found a staircase to the Slime Pits.
 17462 | Lair:6   | Identified a scroll of acquirement
 18170 | Lair:6   | Reached skill level 15 in Long Blades
 19115 | Orc:1    | Entered Level 1 of the Orcish Mines
 19161 | Orc:1    | Noticed an orc warlord
 19194 | Orc:1    | Killed an orc warlord
 19215 | Orc:2    | Entered Level 2 of the Orcish Mines
 19689 | Orc:2    | Found a roughly hewn altar of Beogh.
 19690 | Orc:2    | Found Impury's General Store.
 19760 | Orc:2    | Found a roughly hewn altar of Beogh.
 19841 | Orc:2    | Noticed an orc warlord
 19864 | Orc:2    | Killed an orc warlord
 20216 | Orc:2    | Found a staircase to the Elven Halls.
 20273 | Orc:2    | Found a roughly hewn altar of Beogh.
 20409 | Orc:2    | Noticed an orc warlord
 20444 | Orc:2    | Killed from afar by an orc priest

Skill      XL: |  1  2  3  4  5  6  7  8  9 10 11 12 13 14 15 |
---------------+----------------------------------------------+-----
Long Blades    | 3 4 6 7 8 9 10 12 13 14 15 | 15.6
Shields        | 4 5 6 8 9 |  9.0
Armour         | 4 5 6 7 8 9 10 11 12 | 12.6
Fighting       | 4 5 6 7 8 9 11 13 14 | 14.2
Invocations    | 3 5 7 9 11 12 13 | 13.2

Action                   |  1- 3 |  4- 6 |  7- 9 | 10-12 | 13-15 || total
-------------------------+-------+-------+-------+-------+-------++-------
Melee: Long sword        |   109 |   161 |   392 |       |       ||   662
       Great sword       |       |       |    32 |   450 |       ||   482
       Bite              |       |       |       |    77 |   185 ||   262
       Scimitar          |       |       |       |   263 |   697 ||   960
       Double sword      |       |       |       |       |   528 ||   528
Invok: Heroism           |       |       |     4 |    18 |    21 ||    43
       Finesse           |       |       |       |       |    14 ||    14
 Abil: Dig               |       |       |     1 |     2 |     5 ||     8
Evoke: Wand              |       |       |       |       |     3 ||     3
  Use: Potion            |     3 |     3 |     4 |     5 |     9 ||    24
       Scroll            |       |       |    12 |     5 |     4 ||    21
  Eat: Chunk             |       |     5 |    10 |    20 |    30 ||    65
Armor: Scale mail        |    12 |       |       |       |       ||    12
       Ring mail         |    31 |    67 |    87 |       |       ||   185
       Plate armour      |       |       |   111 |   377 |   676 ||  1164
Dodge: Dodged            |    50 |    52 |   111 |   186 |   354 ||   753
Block: Shield            |    62 |    85 |   191 |   494 |   773 ||  1605
       Rpst.: Long sword |     8 |    20 |    27 |       |       ||    55
       Great sword       |       |       |     3 |    32 |       ||    35
       Scimitar          |       |       |       |    17 |    45 ||    62
       Double sword      |       |       |       |       |    29 ||    29
